 Dungeon Crawl Stone Soup version 0.32-a0-791-gfc315c9ecd (webtiles) character file.

Game seed: 10051032532868403517

4697 ezpacito the Trooper (level 10, 0/77 HPs)
             Began as a Coglin Chaos Knight on Mar 21, 2024.
             Was a Plaything of Xom.
             Succumbed to a hornet's poison
             ... while paralysed by a hornet
             ... on level 9 of the Dungeon.
             The game lasted 00:10:08 (8143 turns).

ezpacito the Trooper (Coglin Chaos Knight)          Turns: 8143, Time: 00:10:09

Health: 0/77       AC: 12    Str: 18    XL:     10   Next: 45%
Magic:  14/14      EV:  2    Int: 20    God:    Xom [..*...]
Gold:   376        SH:  0    Dex: 10    Spells: 2/15 levels left

rFire   + . .        a - +0 hand axe (chaos) {Lan}
rCold   + + .        c - +1 dagger (venom) {Agustín}
rNeg    . . .        F - +0 steam dragon scales
rPois   +            k - +0 helmet
rElec   +            M - +0 cloak
rCorr   +            u - +0 pair of gloves
SInv    .            (no boots)
Will    .....        (amulet unavailable)
Stlth   ++           (ring unavailable)
HPRegen 0.32/turn    (ring unavailable)
MPRegen 0.14/turn    (no gizmo)

%: clarity
@: paralysed, lethally poisoned (0 -> 0), resistant, revving
A: off-hand wielding, slow wielding, warmup strikes, no jewellery, iridescent
scales 1, clarity, clever 2, cold resistance 1, strong 1, wild magic 1
a: Invent Gizmo, Renounce Religion


You were on level 9 of the Dungeon.
You worshipped Xom.
You were a toy of Xom.
You visited 2 branches of the dungeon, and saw 10 of its levels.

You collected 376 gold pieces.

Inventory:

Hand Weapons
 a - a +0 hand axe of chaos (weapon) {Lan}
 c - a +1 dagger of venom (offhand) {Agustín}
 g - a +3 war axe
 m - a +0 trident
 x - a +2 whip of flaming
 H - a +1 flail of holy wrath
Missiles
 l - 3 throwing nets
 v - 13 boomerangs (quivered)
 z - 6 javelins
 A - 38 poisoned darts
 G - 4 curare-tipped darts
Armour
 k - a +0 helmet (worn)
 u - a +0 pair of gloves (worn)
 F - +0 steam dragon scales (worn)
 M - a +0 cloak (worn)
Talismans
 s - a maw talisman
Wands
 d - a wand of paralysis (7)
 C - a wand of quicksilver (14)
 D - a wand of polymorph (11)
Scrolls
 b - 2 scrolls of revelation
 e - a scroll of amnesia {unknown}
 f - a scroll of fog {unknown}
 j - a scroll of acquirement {unknown}
 o - 2 scrolls of poison {unknown}
 p - a scroll of enchant armour {unknown}
 r - a scroll of noise
 t - 2 scrolls of teleportation
 w - 2 scrolls of enchant weapon
 y - a scroll of vulnerability {unknown}
 E - a scroll of torment {unknown}
 K - a scroll of blinking {unknown}
 L - a scroll of silence {unknown}
Potions
 h - 4 potions of attraction
 q - 2 potions of curing
 B - 3 potions of brilliance
 J - a potion of enlightenment


   Skills:
 * Level 6.5 Fighting
 * Level 6.5(7.1) Axes
 + Level 3.6(5.3) Polearms
 * Level 5.6 Armour
 * Level 5.3 Dodging
 + Level 3.6 Stealth
 + Level 3.0 Spellcasting
 + Level 3.2 Necromancy
 + Level 3.5 Alchemy
 + Level 3.9 Evocations


You had 2 spell levels left.
You knew the following spells:

 Your Spells              Type           Power      Damage    Failure   Level
a - Cigotuvi's Dreadful   Necr/Alch/Air  30%        N/A       13%         2
b - Dispel Undead         Necr           21%        3d11      45%         4
c - Mercury Vapours       Alch/Air       26%        N/A       16%         2
d - Olgreb's Toxic Radia  Alch           22%        N/A       41%         4
e - Sting                 Conj/Alch      52%        1d6       11%         1

Your spell library contained the following spells:

 Spells                   Type           Power      Damage    Failure   Level
 Kiss of Death            Conj/Necr      48%        2d9       12%         1
 Static Discharge         Conj/Air       8%         3-4/arc   30%         2
 Mephitic Cloud           Conj/Alch/Air  10%        N/A       34%         3
 Confusing Touch          Hex            4%         N/A       47%         3
 Gell's Gravitas          Tloc           4%         N/A       47%         3
 Teleport Other           Tloc           4%         N/A       47%         3
 Ignite Poison            Fire/Alch      13%        N/A       65%         4
 Airstrike                Air            2%         2d(1-17)  86%         4
 Summon Lightning Spire   Summ/Air       4%         N/A       86%         4
 Freezing Cloud           Conj/Ice/Air   2%         6-21      99%         5
 Dispersal                Tloc           2%         N/A       100%        6


Dungeon Overview and Level Annotations

Branches:
Dungeon (9/15)             Temple (1/1) D:7
   Lair: D:8-11         Orc: D:9-12

Altars:
Ashenzari
Cheibriados
Dithmenos
Elyvilon
Fedhas
Gozag
Hepliaklqana
Kikubaaqudgha
Makhleb
Nemelex Xobeh
Okawaru
Qazlal
Ru
Sif Muna
Trog
Uskayaw
Vehumet
Wu Jian
Xom
Yredelemnul
Zin
The Shining One

Annotations:
D:8 2 transporters
D:9 1 runed translucent door, jamsaran's ghost, novice DgAl


Innate Abilities, Weirdness & Mutations

You can wield a second weapon in your off-hand.
It takes a long time for you to wield or remove held weapons.
Your first few attacks do less damage.
You cannot equip rings or amulets.
You are partially covered in iridescent scales. (AC +2)
You possess an exceptional clarity of mind.
Your mind is very acute. (Int +8, Str/Dex -2)
Your flesh is cold resistant. (rC+)
Your muscles are strong. (Str +4, Int/Dex -1)
Your spells are a little harder to cast, but a little more powerful.


Message History

The orc is poisoned.
The orc is moderately wounded.
You hit the orc but do no damage.
You closely miss the hornet with your +0 hand axe of chaos.
You miss the orc with your +0 hand axe of chaos.
You feel less invigorated.
You feel less confused.
You feel sick. The hornet stings you.
* * * LOW HITPOINT WARNING * * *
The hornet closely misses you. The orc closely misses you.
You take 3 damage, and have 8/77 hp.
You hit the hornet with your +0 hand axe of chaos.
You freeze the hornet.
The hornet is lightly wounded.
You hit the orc but do no damage. Lightning courses through the orc!
You kill the orc!
You hit the orc with your +0 hand axe of chaos.
You freeze the orc.
You kill the orc!
You hit the hornet but do no damage.
The hornet is poisoned.
You feel sick. The hornet barely misses you.
You closely miss the hornet with your +1 dagger of venom.
The hornet is moderately wounded.
You miss the hornet with your +0 hand axe of chaos.
You hit the orc with your +0 hand axe of chaos.
You freeze the orc.
You feel sick. The hornet completely misses you.
The orc hits you but does no damage. The hornet barely misses you.
You take 1 damage, and have 7/77 hp.
You barely miss the hornet with your +1 dagger of venom.
The hornet is moderately wounded.
You closely miss the hornet with your +0 hand axe of chaos.
You closely miss the orc with your +0 hand axe of chaos.
You hit the orc but do no damage.
You feel sick. "Serve the mortal, my child!"
The hornet stings you.
* * * LOW HITPOINT WARNING * * *
You suddenly lose the ability to move!
The orc hits you with a +0 whip.
* * * LOW HITPOINT WARNING * * *
You die...
Xom cackles wildly!

.ß .o .##o
#### . ....##
....# .
...#####.....
#
#.#.5.......
##.ooo.....#
#...o@.....#
###.y..#####
#.......#
#....####
#...#. .
##....# .
#...## . #.#.
. #. ≈. .


You could see a hornet (poisoned, ally target), an orc priest, 3 orcs and a
friendly quasit (summoned).

Vanquished Creatures
  A two-headed ogre (D:8)
  Pikel (D:6)
  Sigmund (D:2)
  A wyvern (D:8)
  4 yaks (D:9)
  A steam dragon (D:6)
  A water moccasin (D:7)
  A black bear (D:4)
  An ogre (D:6)
  3 lemures (D:6)
  4 kobold brigands
  2 bullfrogs
  4 scorpions
  9 wights
  4 killer bees (D:9)
  A howler monkey (D:7)
  A bombardier beetle (D:5)
  3 hounds
  A gnoll bouda (D:6)
  3 orc priests
  2 sleepcaps (D:4)
  3 jellies
  Ijyb (D:5)
  3 iguanas
  Natasha (thrice) (D:2)
  6 orc wizards
  Robin (D:2)
  12 gnolls
  5 adders
  2 shadow imps (D:8)
  A white imp (D:6)
  5 dart slugs
  2 ribbon worms (D:2)
  21 orcs
  4 ball pythons
  7 bats
  11 endoplasms
  4 giant cockroaches
  6 goblins
  13 hobgoblins
  6 jackals
  5 quokkas
  5 frilled lizards
  26 kobolds
  3 rats (D:2)
204 creatures vanquished.

Notes
Turn   | Place    | Note
-------+----------+-------------------------------------------
     0 | D:1      | ezpacito the Coglin Chaos Knight began the quest for the
                  | Orb.
     0 | D:1      | Reached XP level 1. HP: 18/18 MP: 1/1
   146 | D:1      | Reached skill level 1 in Dodging
   154 | D:1      | Reached XP level 2. HP: 8/24 MP: 2/2
   507 | D:1      | XOM: silly message
   641 | D:1      | Reached XP level 3. HP: 29/29 MP: 3/3
   661 | D:1      | XOM: silly message
   921 | D:2      | XOM: butterfly on damage
   948 | D:2      | XOM: summons 2 hostile demons
  1087 | D:2      | Noticed Natasha
  1091 | D:2      | Killed Natasha
  1092 | D:2      | Reached XP level 4. HP: 35/35 MP: 4/4
  1116 | D:2      | Noticed Sigmund
  1120 | D:2      | Killed Sigmund
  1121 | D:2      | Reached skill level 1 in Polearms
  1121 | D:2      | Reached skill level 1 in Stealth
  1121 | D:2      | Reached skill level 1 in Spellcasting
  1121 | D:2      | Reached XP level 5. HP: 38/42 MP: 4/6
  1141 | D:2      | Noticed Natasha
  1151 | D:2      | XOM: confusion
  1155 | D:2      | XOM: butterfly on damage
  1157 | D:2      | Killed Natasha
  1158 | D:2      | Reached XP level 6. HP: 30/48 MP: 7/7
  1369 | D:2      | Noticed Natasha
  1375 | D:2      | Killed Natasha
  1413 | D:2      | XOM: 2-stop teleportation journey
  1737 | D:2      | Noticed Robin
  1763 | D:2      | Killed Robin
  1831 | D:2      | XOM: silly message
  1933 | D:2      | XOM: polymorph endoplasm -> ribbon worm
  2023 | D:2      | Learned a level 2 spell: Cigotuvi's Dreadful Rot
  2028 | D:2      | Learned a level 4 spell: Dispel Undead
  2249 | D:3      | XOM: 2-stop teleportation journey
  2318 | D:3      | Found a shadowy altar of Dithmenos.
  2427 | D:3      | Reached XP level 7. HP: 54/54 MP: 7/9
  2637 | D:3      | XOM: give mutations
  2637 | D:3      | Gained mutation: Your mind is acute. (Int +4, Str/Dex -1)
                  | [Xom's grace]
  2637 | D:3      | Gained mutation: Your natural rate of healing is unusually
                  | fast. [Xom's grace]
  2637 | D:3      | Gained mutation: Your muscles are strong. (Str +4, Int/Dex
                  | -1) [Xom's grace]
  2787 | D:3      | XOM: cloud trail
  2890 | D:3      | XOM: god gift: scroll labelled SUFUYGHEGG {god gift}
  2902 | D:3      | XOM: give mutation
  2902 | D:3      | Gained mutation: You possess an exceptional clarity of
                  | mind. [Xom's grace]
  2921 | D:3      | XOM: give mutations
  2921 | D:3      | Gained mutation: Your flesh is cold resistant. (rC+) [Xom's
                  | grace]
  2921 | D:3      | Gained mutation: Your mind is very acute. (Int +8, Str/Dex
                  | -2) [Xom's grace]
  2921 | D:3      | Gained mutation: You are partially covered in iridescent
                  | scales. (AC +2) [Xom's grace]
  2921 | D:3      | Gained mutation: Your spells are a little harder to cast,
                  | but a little more powerful. [Xom's grace]
  3250 | D:4      | Learned a level 2 spell: Mercury Vapours
  3335 | D:4      | Reached skill level 1 in Necromancy
  3335 | D:4      | Reached skill level 1 in Alchemy
  3701 | D:5      | Entered Level 5 of the Dungeon
  3719 | D:5      | XOM: scenery: summon butterflies
  3728 | D:5      | XOM: cast spell 'Iskenderun's Battlesphere'
  3743 | D:5      | Reached XP level 8. HP: 61/61 MP: 10/10
  3822 | D:5      | XOM: fog
  3892 | D:5      | Noticed Ijyb
  3899 | D:5      | Killed Ijyb
  4032 | D:5      | XOM: 7-stop teleportation journey
  4653 | D:6      | Noticed Pikel
  4671 | D:6      | Paralysed by Pikel for 4 turns
  4674 | D:6      | XOM: silly message
  4675 | D:6      | Killed Pikel
  4676 | D:6      | Reached skill level 5 in Fighting
  4676 | D:6      | Reached skill level 5 in Axes
  4676 | D:6      | Reached skill level 1 in Evocations
  4708 | D:6      | Reached XP level 9. HP: 57/68 MP: 12/12
  4814 | D:6      | XOM: butterfly on damage
  4889 | D:6      | XOM: give mutation
  4889 | D:6      | Lost mutation: Your natural rate of healing is unusually
                  | fast. [Xom's mischief]
  5243 | D:6      | Learned a level 4 spell: Olgreb's Toxic Radiance
  5261 | D:7      | XOM: noise
  5621 | D:7      | XOM: noise
  5669 | D:7      | XOM: potion effect (curing)
  5780 | D:7      | Learned a level 1 spell: Sting
  5797 | D:7      | XOM: potion effect (brilliance)
  6003 | D:7      | Reached skill level 5 in Armour
  6131 | D:7      | XOM: divination: detect creatures
  6294 | D:7      | Found a staircase to the Ecumenical Temple.
  6340 | Temple   | Entered the Ecumenical Temple
  6473 | D:7      | XOM: divination: detect items
  6875 | D:8      | XOM: divination: detect creatures
  6899 | D:8      | Found a transporter.
  6927 | D:8      | Noticed a rakshasa
  6928 | D:8      | Found a radiant altar of Vehumet.
  6929 | D:8      | Noticed a gargoyle
  6931 | D:8      | Noticed a two-headed ogre
  6997 | D:8      | Noticed a seven-headed hydra
  7000 | D:8      | Found a transporter.
  7086 | D:8      | Noticed a two-headed ogre
  7099 | D:8      | Killed a two-headed ogre
  7100 | D:8      | Reached skill level 5 in Dodging
  7100 | D:8      | Reached XP level 10. HP: 24/76 MP: 14/14
  7401 | D:8      | Found a glowing silver altar of Zin.
  7422 | D:8      | XOM: cloud trail
  7490 | D:8      | Found a blossoming altar of Fedhas.
  7812 | D:9      | XOM: noise
  7828 | D:9      | Found a runed translucent door.
  7835 | D:9      | Noticed jamsaran's ghost (novice DgAl)
  7853 | D:9      | XOM: confuse monster(s)
  8117 | D:9      | Found an opulent altar of Gozag.
  8117 | D:9      | Found a broken altar of Ashenzari.
  8121 | D:9      | XOM: cast spell 'Dispersal'
  8126 | D:9      | XOM: noise
  8142 | D:9      | XOM: summons friendly quasit
  8142 | D:9      | HP: 2/77 [hornet (4)]
  8142 | D:9      | Paralysed by a hornet for 2 turns
  8143 | D:9      | Succumbed to a hornet's poison

Illustrated notes

Levels and vault maps discovered:
D:1:      sevenhm_arrival_forest_fort_large_2, layout_loops_cross
D:2:      layout_loops_ring, minmay_misc_feat_square, uniq_natasha, uniq_robin,
          uniq_sigmund
D:3:      layout_basic, nicolae_dithmenos_the_darkroom, mrwooster_statue_mirror
D:4:      wad_pebble_path, layout_basic
D:5:      layout_loops_ring, uniq_ijyb
D:6:      layout_loops_ring, chequers_serial_rivers_micro_a, uniq_pikel
D:7:      layout_gridville, minmay_temple_entry_stoned_glass
D:8:      layout_basic, gammafunk_temple_overflow_arena, lemuel_tele_altar,
          fedhas_altar_1
D:9:      layout_cave_pools, grunt_temple_overflow_open, dpeg_oklobed_lair,
          hiddenorc2_lemuel, ebering_ghost_reflecting_pool, uniq_erolcha
Temple:   nicolae_temple_slightly_damp_pantheon

Skill      XL: |  1  2  3  4  5  6  7  8  9 10 |
---------------+-------------------------------+-----
Dodging        | 1 2 3 4 5 |  5.3
Armour         | 2 3 4 5 |  5.6
Polearms       | 1 2 3 |  3.6
Stealth        | 1 2 3 |  3.6
Spellcasting   | 1 2 3 |  3.0
Axes           | 4 5 6 |  6.5
Fighting       | 4 5 6 |  6.5
Necromancy     | 1 2 3 |  3.2
Alchemy        | 1 2 3 |  3.5
Evocations     | 1 3 |  3.9

Action                     |  1- 3 |  4- 6 |  7- 9 | 10-12 || total
---------------------------+-------+-------+-------+-------++-------
  Melee: Hand axe          |    88 |    84 |   337 |    58 ||   567
         Dagger            |    79 |    80 |   317 |    56 ||   532
  Evoke: Wand              |       |       |     7 |       ||     7
    Use: Scroll            |     1 |       |     9 |     1 ||    11
         Potion            |       |     4 |    11 |     5 ||    20
   Stab: Sleeping          |     2 |       |     3 |     1 ||     6
         Confused          |     1 |       |     3 |     2 ||     6
         Petrifying        |       |     1 |       |     1 ||     2
         Paralysed         |       |       |     8 |       ||     8
         Petrified         |       |       |     4 |       ||     4
         Invisible         |       |       |     3 |       ||     3
 Armour: Leather armour    |    51 |    93 |     6 |       ||   150
         Scale mail        |       |       |    90 |       ||    90
         Chain mail        |       |       |    38 |       ||    38
         Steam dragon scal |       |       |   121 |    60 ||   181
  Dodge: Dodged            |    55 |    66 |   178 |    39 ||   338

Table legend: (Time is in decaauts)
 A = Elapsed time spent in this place.
 B = Non-inter-level travel time spent in this place.
 C = Inter-level travel time spent in this place.
 D = Time resting spent in this place.
 E = Time spent auto-exploring this place.
 F = Levels seen in this place.
 G = Mean time per level.
                   A        B        C        D        E       F      G
               +--------+--------+--------+--------+--------+-----+--------+
         Total |   8120 |   7597 |    523 |    866 |   5360 |  10 |  812.0 |
       Dungeon |   8118 |   7596 |    522 |    866 |   5360 |   9 |  902.0 |
        Temple |      1 |      1 |      0 |      0 |      0 |   1 |    1.0 |
               +--------+--------+--------+--------+--------+-----+--------+

Top non-repeatable levels by time:
     D:8: 1333 daAuts
     D:2: 1084 daAuts
     D:7: 1081 daAuts
     D:3: 1051 daAuts
     D:6: 1029 daAuts
     D:1: 967 daAuts
     D:5: 823 daAuts
     D:4: 583 daAuts
     D:9: 164 daAuts
  Temple: 1 daAuts
